Map: Big Great Hunters (no limit units)

Players

Gracz 2 - Winner!

  • Race: Zerg Zerg
  • Spawn Location: 3:00

NamroodTuo

  • Race: Terran Terran
  • Spawn Location: 5:00

VOD

Have the link to the VOD?

Description

Time

  • Played on: Dec. 29, 2022, 11:48 a.m.
  • Length: 3:38
Show
View Real Time Build Order
Export as new Build Order

Gracz 2 Zerg - Winner!

Build Orders: Pool Only 

Get SALT Encoding   

    0:00  Drone  
    0:07  Drone  
    0:23  Drone, Spawning Pool  
    0:30  Overlord  
    0:33  Unknown  
    0:36  Unknown, Drone  
    0:39  Drone  
    0:43  Unknown  
    0:45  Unknown, Drone  
    0:54  Unknown  
    0:55  Drone  
    0:59  Unknown  
    1:06  Drone  
    1:16  Drone  
    1:27  Drone  
    1:35  Queen  
    1:38  Zergling x2  
    1:49  Zergling x2  
    1:59  Zergling x2  
    2:10  Zergling x2  
    2:21  Zergling x2  
    2:31  Overlord  
    2:42  Zergling x6  
    2:43  Zergling x2  
    2:54  Overlord  
    3:05  Zergling x2  
    3:14  Zergling x6  
    3:17  Zergling x2  
Show
View Real Time Build Order
Export as new Build Order

NamroodTuo Terran 

Build Orders:  

Get SALT Encoding   

    0:00  SCV  
    0:12  SCV  
    0:24  SCV  
    0:37  SCV  
    0:40  Supply Depot  
    0:49  SCV  
    1:01  SCV  
    1:03  Supply Depot  
    1:13  SCV  
    1:19  Engineering Bay  
    1:25  SCV  
    1:26  Supply Depot  
    1:28  Barracks  
    1:34  Unknown  
    1:37  SCV  
    1:49  SCV, Supply Depot  
    1:54  Unknown  
    1:59  Unknown  
    2:01  SCV  
    2:03  Unknown  
    2:05  Unknown  
    2:08  Unknown  
    2:13  SCV, Supply Depot  
    2:19  Marine  
    2:25  SCV  
    2:27  Barracks  
    2:35  Supply Depot  
    2:36  Marine  
    2:38  SCV  
    2:50  Bunker, SCV  
    2:54  Marine  
    2:59  Supply Depot  
    3:02  SCV  
    3:08  Engineering Bay  
    3:12  Marine  
    3:14  SCV  
    3:15  Factory  
    3:18  Marine  
    3:21  Supply Depot  
Tags
 
Add a new tag
Caveats
  • Supply blocks, unpowered buildings, or Contaminate may cause inaccurate times.
  • Supply counts are checked every 10 seconds.